[Event "*** Titled Tuesday 3|2 Blitz"]
[Site "Chess.com"]
[Date "2015.04.07"]
[Round "5"]
[White "Recombinant"]
[Black "pKiLz5Rn9b"]
[Result "1/2-1/2"]
[WhiteElo "2155"]
[BlackElo "2311"]
[TimeControl "180+2"]
[EndTime "12:04:34 PDT"]
[Termination "Game drawn - insufficient material"]

1. e4 e6 2. d4 d5 3. Nc3 Nf6 4. Bg5 Be7 5. e5 Nfd7 6. Bxe7 Qxe7 7. f4 a6 8. Nf3 c5 9. Qd2 Nc6 10. dxc5 Qxc5 11. Bd3 b5 12. O-O-O Nb6 13. Kb1 Bd7 14.
Ne2 Rc8 15. Rc1 Nc4 16. Bxc4 bxc4 17. Nfd4 Rb8 18. c3 a5 19. Nxc6 Bxc6 20. Nd4 a4 21. a3 O-O 22. Nc2 Rfd8 23. Qd4 Qxd4 24. Nxd4 Be8 25. g4 Rb6 26. Rc2 Rdb8 27. Rf2 f6 28.
Re1 h5 29. h3 fxe5 30. Rxe5 hxg4 31. hxg4 Bg6+ 32. f5 exf5 33. gxf5 Bf7 34. Rg2 Rh6 35. Ne6 Bxe6 36. fxe6 Re8 37. e7 Rd6 38. Rgg5 Kf7 39. Rgf5+ Rf6 40. Rxd5 Rxe7 41. Rxf6+ Kxf6 42. Ra5 g5 43.
Rxa4 Rc7 44. Ra8 g4 45. Rf8+ Ke5 46. Rg8 Kf4 47. Kc2 g3 48. b3 cxb3+ 49. Kxb3 Kf3 50. a4 Rf7 51. a5 Rf5 52. Kb4 Rf4+ 53. c4 Rg4 54. Rf8+ Ke2 55. Re8+ Kd2 56. Rd8+ Kc2 57. Re8 g2 58. Re1 g1=Q 59. Rxg1 Rxg1 60. a6 Kd3 61.
Kb5 Kd4 62. a7 Ra1 63. Kb6 Kxc4 64. Kb7 Kb5 65. a8=Q Rxa8 66. Kxa8 1/2-1/2

[Event "*** Titled Tuesday 3|2 Blitz"]
[Site "Chess.com"]
[Date "2015.04.07"]
[Round "5"]
[White "lukas_111111"]
[Black "grandmastergauri"]
[Result "1-0"]
[WhiteElo "2331"]
[BlackElo "2269"]
[TimeControl "180+2"]
[EndTime "12:04:43 PDT"]
[Termination "lukas_111111 won by resignation"]

1. d4 Nf6 2. c4 e6 3. Nf3 c5 4.
d5 exd5 5. cxd5 d6 6. Nc3 g6 7. h3 a6 8. a4 Bg7 9. e4 O-O 10. Bd3 Nh5 11. O-O Nd7 12. Bg5 Bf6 13. Bh6 Re8 14. Kh1 b6 15. g4 Ng7 16. Bf4 Ne5 17. Nxe5 Bxe5 18. Bxe5 dxe5 19. f4 Qh4 20. Kg2 h5 21. f5 hxg4 22. hxg4 gxf5 23. exf5 e4 24. Bxe4 Bb7 25. f6 Rad8 26. fxg7 Rxe4 27. Nxe4 Rxd5 28. Qf3 Rd2+ 29. Nxd2 Qxg4+ 30. Kf2 Bxf3 31. Nxf3 Qb4 32.
Rae1 Kxg7 33. Rg1+ Kf8 34. Re2 Qxa4 35. Rh1 Kg7 36.
Rg1+ Kf8 37. Rh1 Kg7 38. Rg1+ Kf6 39. Rh1 Qf4 40. Rh4 Qc1 41. Kg2 b5 42. Rf2 Ke6 43. Re4+ Kd5 44. Re5+ Kd6 45. Rfe2 c4 46. Re8 Qh6 47.
Rd8+ Kc7 48. Rde8 Qg6+ 49. Kf2 Qb6+ 50. Kf1 Qf6 51. Kg2 Qg6+ 52. Kf2 Qf6 53. R8e7+ Kd6 54. Ra7 Kc5 55. Rc7+ Kb6 56. Rce7 b4 57. R7e4 Qc6 58. Ne5 Qc5+ 59. Kg2 Qd5 60. Nxc4+ Kc6 61. Kf2 Qf5+ 62.
Ke1 a5 63. Re5 Qb1+ 64. Kf2 a4 65. Na5+ Kb6 66. Nc4+ Kc6 67. Rd2 Qc1 68. Rd6+ Kc7 69. Re7+ Kc8 70. Nb6+ Kb8 71. Rd8+ 1-0

[Event "*** Titled Tuesday 3|2 Blitz"]
[Site "Chess.com"]
[Date "2015.04.07"]
[Round "5"]
[White "alturas_pacificas"]
[Black "jcibarra"]
[Result "0-1"]
[WhiteElo "2138"]
[BlackElo "2527"]
[TimeControl "180+2"]
[EndTime "12:06:16 PDT"]
[Termination "jcibarra won by resignation"]

1. d4 Nf6 2. Bf4 d6 3. e3 g6 4. Nf3 Bg7 5. Be2 O-O 6. O-O c5 7. c3 Be6 8. Nbd2 Qb6 9. Ng5 Bd7 10. Qb3 Qc7 11. Bc4 e6 12. dxc5 Qxc5 13. Nge4 Nxe4 14. Nxe4 Qc6 15. Nxd6 b6 16. Bb5 Qc5 17. Bxd7 Nxd7 18. Rfd1 Nf6 19. Qb5 Nd5 20. Bg3 Rac8 21. Qxc5 Rxc5 22.
Ne4 Rc4 23. Nd2 Ra4 24. Nb3 Rc8 25. h3 h5 26. Rd2 Bf6 27. a3 Kg7 28. Rad1 Rc6 29.
Kf1 b5 30. Ke2 Nb6 31. Nd4 Rc5 32. f3 a6 33. Bf2 Rc8 34. e4 Nc4 35. Rc2 Ne5 36.
Nb3 Rac4 37. Bd4 g5 38. Na5 R4c7 39. Bb6 Re7 40. Bd8 Re8 41. Bxf6+ Kxf6 42. Rd6 Ra8 43. Rcd2 h4 44. Rb6 Reb8 45. Rxb8 Rxb8 46. Rd6 Nc4 47.
Nxc4 bxc4 48. Rd2 Ke5 49. Ke3 Rb7 50. Rc2 Rd7 51. Rd2 Rb7 52. Ke2 Kf4 53. Kd1 Kg3 54. Kc2 Rc7 55. Kc1 Rb7 56. Kc2 a5 57. Kc1 a4 58. Kc2 Rb5 59. Kc1 f5 60. exf5 exf5 61. Kc2 Re5 62. Kd1 Re3 63. Kc2 Re1 64. b4 axb3+ 65.
Kb2 Re3 66. a4 Re8 67. Ka3 Rb8 68. a5 Rb5 69. Rb2 Rxa5+ 70. Kb4 Ra2 71. Rb1 Rxg2 72. Kxc4 Kxh3 73. Kxb3 Kg3 74. c4 h3 75. c5 h2 76. c6 Rg1 77. c7 Rxb1+ 78. Kc2 h1=Q 0-1

[Event "*** Titled Tuesday 3|2 Blitz"]
[Site "Chess.com"]
[Date "2015.04.07"]
[Round "5"]
[White "AnthonyWirig"]
[Black "tac49"]
[Result "1/2-1/2"]
[WhiteElo "2466"]
[BlackElo "2370"]
[TimeControl "180+2"]
[EndTime "12:07:30 PDT"]
[Termination "Game drawn by agreement"]

1. d4 Nf6 2. Nc3 d5 3. Bf4 g6 4. Qd2 Bf5 5. f3 Bg7 6. g4 Be6 7. Bh6 Bxh6 8. Qxh6 c5 9. e3 Nc6 10. O-O-O Qa5 11. dxc5 Qxc5 12. Nge2 O-O-O 13. Nd4 Nxd4 14. exd4 Qa5 15. Kb1 Kb8 16. Bd3 Rc8 17. Ne2 Bd7 18. Qg7 Rhf8 19. Nc1 Bb5 20. Rhe1 Bxd3 21. Nxd3 Qc7 22. c3 Rce8 23. Ne5 Nd7 24. f4 Nxe5 25.
fxe5 e6 26. Qf6 Qe7 27. Rf1 Kc7 28. Rd2 Qxf6 29. Rxf6 Kd7 30. Rd3 Ke7 31. Rh3 h5 32.
gxh5 gxh5 33. Rxh5 Rh8 34. Rxh8 Rxh8 35. Rf2 Rh3 36.
a3 a5 37. Kc2 b5 38. Kb3 Rd3 39. Kc2 Rh3 40. Rg2 f5 41. exf6+ Kxf6 42. Rf2+ Ke7 43.
Re2 Kd6 44. Kb3 Rf3 45. Kc2 Rh3 46. Kb1 Rf3 47. Ka2 Rh3 48. Rc2 Kc6 49. Rg2 b4 50.
axb4 axb4 51. Kb3 bxc3 52. bxc3 Kd6 53. Ra2 Kc6 54. Kb4 Kd6 55. Ra6+ Ke7 56. Ra7+ Kd6 57. Ra2 Kc6 58. Re2 Kd6 59. Kb3 Kd7 60. Kc2 Kd6 61.
Kd2 Kd7 62. Rf2 Kd6 63. Re2 Kd7 64. Kc2 Kd6 65. Kb3 Kd7 66. Kb4 Kd6 67. Ra2 Kc6 68. Ra6+ Kd7 69. Ra2 Kc6 70. Rc2 Kd6 71. Kb3 Kc6 72.
Kb2 Kd6 73. Kc1 Kc6 74. Kb2 Kd6 75. Kb3 Kc6 76. Kb4 Kd6 77. c4 dxc4 78. Kxc4 e5 79.
Re2 exd4 80. Kxd4 Rh4+ 81. Kd3 Rh3+ 82. Kd2 Rh5 83. Kd3 Rd5+ 84. Kc4 Re5 85. Ra2 Ke6 86. Kd4 Rh5 87. Ke4 Rh4+ 88. Kf3 Kf7 89. Kg3 Rb4 90. Ra3 Kg6 91. Re3 Kg5 92. h3 Kh5 93. Rc3 Kg5 94.
Rc5+ Kg6 95. Rd5 Rb3+ 96. Kg2 Rb4 97. Rd3 Kg5 98. Kg3 Kg6 99. h4 Kh5 100. Rd5+ Kh6 101. Kh3 Rb3+ 102. Kg4 Rb4+ 103. Kg3 Rb3+ 104. Kg2 Rb2+ 105. Kf3 Rb3+ 106. Kf4 Rb4+ 107. Kf5 Rxh4 108. Rd8 Ra4 109. Rd6+ Kg7 110. Rd7+ 1/2-1/2

[Event "*** Titled Tuesday 3|2 Blitz"]
[Site "Chess.com"]
[Date "2015.04.07"]
[Round "5"]
[White "rhungaski"]
[Black "MattyDPerrine"]
[Result "1-0"]
[WhiteElo "2440"]
[BlackElo "2200"]
[TimeControl "180+2"]
[EndTime "12:09:58 PDT"]
[Termination "rhungaski won by resignation"]

1. d4 Nf6 2. c4 c5 3. d5 b5 4.
cxb5 a6 5. bxa6 g6 6. Nc3 Bxa6 7.
e4 Bxf1 8. Kxf1 d6 9. g3 Bg7 10. Kg2 O-O 11. Nf3 Nbd7 12. a4 Qa5 13. Bd2 Qb4 14.
Qc2 Rfb8 15. Ra2 Nb6 16. b3 Nbd7 17. Rb1 c4 18. bxc4 Qxc4 19. Rxb8+ Rxb8 20. a5 Nc5 21.
e5 Nxd5 22. Nxd5 Qxd5 23. exd6 exd6 24. a6 Nd3 25. a7 Ra8 26. Ra5 Qe4 27. Qb3 h6 28.
Qd5 Qxd5 29. Rxd5 Nc5 30. Rxd6 Rxa7 31. Be3 Rc7 32. Rd8+ Kh7 33. Bf4 Rb7 34. Be5 Ne6 35. Re8 Bxe5 36. Nxe5 Kg7 37. h4 Rb2 38. Ng4 h5 39. Ne5 Rb5 40. Nf3 Kf6 41. Rc8 Rb2 42.
Rc6 Kg7 43. Ra6 Rc2 44. Ne5 Rc5 45. Nf3 Rc2 46. Ra7 Kf6 47. Ra4 Rc3 48. Nd2 Rd3 49.
Ne4+ Kg7 50. Ra7 Rd4 51. f3 Rd3 52. Kf2 Kf8 53. Ke2 Rb3 54. Nd6 Nd4+ 55. Kd2 Rxf3 56.
Ne4 Ne6 57. Ra8+ Kg7 58. Ke2 Rb3 59. Kf2 Rb2+ 60. Ke3 Rb3+ 61. Kf2 Rb7 62. Ra2 Rd7 63. Ke3 Re7 64. Kf2 Nd4 65. Ng5 f6 66. Nf3 Nf5 67. Rb2 Rc7 68. Rd2 Re7 69. Nd4 Nd6 70. Ra2 Ne4+ 71.
Kg2 Rd7 72. Nf3 Rd3 73. Rb2 Rd7 74. Ra2 Re7 75. Rb2 Nd6 76. Ra2 Nf5 77. Kf2 Rc7 78. Rd2 Kf7 79. Kg2 Re7 80. Kf2 Re6 81. Ra2 Nd6 82. Rc2 Ne4+ 83. Kg2 Nd6 84. Rc6 Nf5 85. Rc7+ Re7 86. Rxe7+ Kxe7 87. Kf2 Ke6 88. Nd2 Ke5 89.
Kf3 Nd4+ 90. Ke3 Ne6 91. Nf3+ Kf5 92. Nh2 g5 93. hxg5 fxg5 94. Kf3 g4+ 95. Ke3 Ng5 96.
Nf1 Ne4 97. Ke2 Ke5 98. Ke3 Nf6 99. Nd2 Nd5+ 100. Kf2 Nf6 101. Nc4+ Kd4 102. Nd6 Ne4+ 103. Nxe4 Kxe4 104. Ke2 Kd4 105. Kd2 Kd5 106. Kd3 Ke5 107. Ke3 Kf5 108. Kf2 Ke6 109. Ke1 Kd5 110. Kd1 Kc4 111. Ke2 Kd5 112. Kd3 Ke5 113. Ke3 Kf5 114. Kf2 Ke6 115. Ke2 Kd6 116. Kd2 Kc5 117. Ke3 Kd5 118. Kf4 Ke6 119. Kg5 Kf7 120. Kxh5 Kg7 121. Kg5 Kf7 122. Kf4 Kg6 123. Kxg4 Kf6 124. Kh5 Kg7 125. Kg5 Kh7 126. Kf6 Kg8 127. Kg6 Kh8 128. g4 Kg8 129. g5 Kh8 130. Kf7 Kh7 1-0

[Event "*** Titled Tuesday 3|2 Blitz"]
[Site "Chess.com"]
[Date "2015.04.07"]
[Round "6"]
[White "megarompa"]
[Black "GeorgMeier"]
[Result "1/2-1/2"]
[WhiteElo "2703"]
[BlackElo "2722"]
[TimeControl "180+2"]
[EndTime "12:13:57 PDT"]
[Termination "Game drawn by repetition"]

1. d4 Nf6 2. Bg5 d5 3. Bxf6 exf6 4. e3 c6 5. c4 dxc4 6. Bxc4 Bd6 7. Nc3 f5 8. Nf3 Nd7 9. O-O O-O 10. Rc1 a6 11. a3 Qe7 12. g3 Nf6 13. Qc2 g6 14. Rfd1 Kg7 15. Ba2 Bd7 16. Kg2 Rad8 17. Na4 Bc8 18. Nc5 Ne4 19. b4 Rfe8 20. Nd2 Nxf2 21. Kxf2 Qxe3+ 22.
Kg2 Qe2+ 23. Kg1 Qe3+ 24. Kg2 Qe2+ 25. Kg1 Qe3+ 26. Kg2 Qe2+ 1/2-1/2

[Event "*** Titled Tuesday 3|2 Blitz"]
[Site "Chess.com"]
[Date "2015.04.07"]
[Round "6"]
[White "MITerryble"]
[Black "lukas_111111"]
[Result "1-0"]
[WhiteElo "2490"]
[BlackElo "2326"]
[TimeControl "180+2"]
[EndTime "12:14:25 PDT"]
[Termination "MITerryble won by resignation"]

1. d4 Nf6 2. Nf3 g6 3. Bg5 Bg7 4. Nbd2 O-O 5. c3 c5 6. dxc5 a5 7. a4 Na6 8. Nb3 Ne4 9. Be3 Qc7 10. Qd5 Nf6 11. Qe5 Qd8 12. Bd4 Nxc5 13. Qxc5 d6 14.
Qb6 Qe8 15. Bxf6 Bxf6 16. e4 Bd7 17. Bb5 Bxb5 18. Qxb5 Qc8 19. O-O Bg7 20. Nxa5 Qg4 21. Rfe1 h5 22. Nxb7 h4 23. h3 Qf4 24. a5 f5 25. a6 fxe4 26. Qd5+ 1-0

[Event "*** Titled Tuesday 3|2 Blitz"]
[Site "Chess.com"]
[Date "2015.04.07"]
[Round "6"]
[White "LyonBeast"]
[Black "Dlugy"]
[Result "1-0"]
[WhiteElo "2774"]
[BlackElo "2528"]
[TimeControl "180+2"]
[EndTime "12:14:36 PDT"]
[Termination "LyonBeast won by resignation"]

1. c4 c5 2. g3 Nf6 3. Bg2 d5 4.
cxd5 Nxd5 5. Nf3 g6 6. d4 Bg7 7.
dxc5 O-O 8. O-O Na6 9. Ne1 Be6 10.
Nd3 Rc8 11. Nd2 Nxc5 12. Nxc5 Rxc5 13. Ne4 Rb5 14. Ng5 Bxb2 15. Rb1 Qb6 16. Rxb2 Rxb2 17. Bxb2 Qxb2 18. Bxd5 Bxd5 19. Qxd5 Qxe2 20. Qxb7 h6 21. Nf3 Qxa2 22. Qxe7 Qd5 23. Ne5 a5 24. Nd7 1-0

[Event "*** Titled Tuesday 3|2 Blitz"]
[Site "Chess.com"]
[Date "2015.04.07"]
[Round "6"]
[White "Recombinant"]
[Black "jefferyx"]
[Result "0-1"]
[WhiteElo "2145"]
[BlackElo "2144"]
[TimeControl "180+2"]
[EndTime "12:14:44 PDT"]
[Termination "jefferyx won by resignation"]

1. e4 c5 2. Nf3 d6 3. d4 cxd4 4. Nxd4 Nf6 5. Nc3 a6 6. Bg5 e6 7. f4 b5 8. e5 dxe5 9. fxe5 Qc7 10. exf6 Qe5+ 11. Qe2 Qxg5 12. Ne4 Qe5 13. O-O-O Bb7 14.
fxg7 Bxg7 15. Ng3 Qf4+ 16. Qd2 Qxd2+ 17. Rxd2 Bh6 18. Bd3 Nd7 19. Rd1 Bxg2 20. Kb1 Bxd2 21. Rxd2 Bd5 22. c3 Nc5 23. Bc2 O-O-O 24. Rf2 Rd7 25. Nh5 Ne4 26. Rf4 f5 27. a4 e5 28.
Bxe4 Bxe4+ 29. Rxe4 fxe4 30. Ne2 Rd2 31. Neg3 e3 32.
Kc1 Rhd8 33. Nf6 e2 0-1

[Event "*** Titled Tuesday 3|2 Blitz"]
[Site "Chess.com"]
[Date "2015.04.07"]
[Round "6"]
[White "chesstatour"]
[Black "MattyDPerrine"]
[Result "0-1"]
[WhiteElo "1952"]
[BlackElo "2203"]
[TimeControl "180+2"]
[EndTime "12:16:34 PDT"]
[Termination "MattyDPerrine won on time"]

1. d4 Nf6 2. Bg5 Ne4 3. Bf4 d5 4. f3 Nf6 5. Nc3 c5 6. e4 cxd4 7. Qxd4 Nc6 8. Bb5 dxe4 9. Bxc6+ bxc6 10. Qxd8+ Kxd8 11.
O-O-O+ Bd7 12. fxe4 e6 13. Nf3 Bb4 14. Ne5 Ke8 15. Ne2 c5 16. g4 Bb5 17. c4 Ba6 18. Ng3 Bb7 19. a3 Ba5 20. g5 Nxe4 21. Rhf1 Rd8 22.
Rxd8+ Bxd8 0-1

[Event "*** Titled Tuesday 3|2 Blitz"]
[Site "Chess.com"]
[Date "2015.04.07"]
[Round "6"]
[White "HansCoolNiemann"]
[Black "AndrewMcStone"]
[Result "1-0"]
[WhiteElo "1869"]
[BlackElo "1927"]
[TimeControl "180+2"]
[EndTime "12:17:10 PDT"]
[Termination "HansCoolNiemann won by resignation"]

1. d4 Nf6 2. c4 Nc6 3. Nf3 e6 4. g3 Bb4+ 5. Bd2 Qe7 6. a3 Bxd2+ 7. Qxd2 a5 8. Bg2 d6 9. O-O O-O 10. Nc3 e5 11. d5 Nb8 12. e4 a4 13. Qc2 Bd7 14.
Ne1 h6 15. Nd3 Na6 16. f4 Ng4 17. Qe2 exf4 18. gxf4 f5 19. e5 dxe5 20. fxe5 Nc5 21. e6 Nxd3 22. Qxd3 Qc5+ 23. Kh1 Be8 24. Qe2 Ne3 25.
Rfe1 Nxc4 26. Rac1 b5 27. d6 Bc6 28. d7 Bxg2+ 29.
Qxg2 f4 30. e7 f3 31. exf8=Q+ Rxf8 32. Qg6 f2 33. Re8 Nd2 34. d8=Q f1=Q+ 35. Rxf1 Nxf1 36. Rxf8+ 1-0

[Event "*** Titled Tuesday 3|2 Blitz"]
[Site "Chess.com"]
[Date "2015.04.07"]
[Round "6"]
[White "ilmago"]
[Black "OIAM03"]
[Result "1-0"]
[WhiteElo "1894"]
[BlackElo "1968"]
[TimeControl "180+2"]
[EndTime "12:18:02 PDT"]
[Termination "ilmago won on time"]

1. e4 c5 2. Nf3 d6 3. d4 cxd4 4. Qxd4 Nc6 5. Bb5 Bd7 6. Bxc6 Bxc6 7. c4 Nf6 8. Nc3 e6 9. b3 Be7 10. Bb2 a6 11. O-O-O Qa5 12. Kb1 b5 13. cxb5 axb5 14. b4 Qa6 15. e5 dxe5 16. Nxe5 Bd5 17. a3 O-O 18. Nxd5 Nxd5 19. Nd7 Bf6 20. Nxf6+ Nxf6 21. g4 Qa7 22. Qf4 Rfc8 23. g5 Ne8 24. Rd2 Qc7 25. Qd4 Rd8 26. Qe3 Rxd2 27. Qxd2 Rd8 28. Qe2 Rd5 29. Rc1 Qd8 30. h4 Rd2 31. Qxb5 Qd3+ 32.
Qxd3 Rxd3 33. Rc3 Rd2 34. Rc8 Kf8 35. Be5 Ke7 36. f4 f6 37. gxf6+ gxf6 38. Bc3 Rd3 39. a4 Rf3 40. Bd2 Rh3 41. a5 Rxh4 42. a6 1-0

[Event "*** Titled Tuesday 3|2 Blitz"]
[Site "Chess.com"]
[Date "2015.04.07"]
[Round "6"]
[White "bugsbunny444"]
[Black "GMBenjaminBok"]
[Result "1-0"]
[WhiteElo "2309"]
[BlackElo "2427"]
[TimeControl "180+2"]
[EndTime "12:18:12 PDT"]
[Termination "bugsbunny444 won on time"]

1. Nf3 g6 2. e4 d6 3. d4 Nf6 4. Nc3 Bg7 5. h3 c6 6. a4 O-O 7.
Be3 Qc7 8. a5 Nbd7 9. Qd2 Rb8 10. Bc4 Nxe4 11. Nxe4 d5 12. Bf4 e5 13. dxe5 Nxe5 14.
Nxe5 Bxe5 15. Nf6+ Kh8 16. Bg3 Qe7 17. Qe2 Qb4+ 18.
Qd2 Qxb2 19. Qh6 Qb4+ 20. Kd1 Bxf6 21. Bxb8 1-0

[Event "*** Titled Tuesday 3|2 Blitz"]
[Site "Chess.com"]
[Date "2015.04.07"]
[Round "6"]
[White "Yaacovn"]
[Black "zmaj23"]
[Result "0-1"]
[WhiteElo "2605"]
[BlackElo "2411"]
[TimeControl "180+2"]
[EndTime "12:18:50 PDT"]
[Termination "zmaj23 won by resignation"]

1. d4 c5 2. c3 g6 3. Nf3 Bg7 4.
dxc5 Na6 5. Be3 Nf6 6. g3 Ng4 7. Bd4 e5 8. h3 exd4 9. hxg4 dxc3 10. Nxc3 Nxc5 11. Bg2 d5 12. O-O Bxg4 13. Qxd5 Qxd5 14.
Nxd5 O-O 15. Rac1 Ne6 16. b3 Rad8 17. Ne3 h5 18. Rfd1 Bh6 19. Rd3 Bf5 20. Rdc3 Rfe8 21.
Nh4 Nd4 22. Nhxf5 Nxf5 23. Nxf5 Bxc1 24. Rxc1 gxf5 25. e3 b6 26. Rc7 Rd1+ 27. Bf1 a5 28. Kg2 Red8 29. Bc4 R8d7 30. Rc8+ Kg7 31. Rb8 R1d2 32.
Rxb6 Rxa2 33. Rb5 Kf6 34. Rb6+ Kg5 35. b4 Rc2 36. Bb3 Rb2 37. bxa5 Rdd2 38. Bxf7 Rxf2+ 39. Kg1 Kg4 40. Rxb2 Rxb2 41. a6 Kxg3 42. Kf1 h4 43. Bd5 Rb1+ 44. Ke2 Ra1 45. Bb7 h3 46. e4 fxe4 47.
Ke3 h2 0-1

[Event "*** Titled Tuesday 3|2 Blitz"]
[Site "Chess.com"]
[Date "2015.04.07"]
[Round "6"]
[White "tac49"]
[Black "petrpalachev"]
[Result "1-0"]
[WhiteElo "2379"]
[BlackElo "2421"]
[TimeControl "180+2"]
[EndTime "12:18:54 PDT"]
[Termination "tac49 won by resignation"]

1. e4 c6 2. d4 d5 3. Nc3 dxe4 4. Nxe4 Bf5 5. Ng3 Bg6 6. h4 h6 7. Nf3 e6 8. h5 Bh7 9. Bd3 Bxd3 10. Qxd3 Nf6 11. Bf4 Bb4+ 12. c3 Be7 13. O-O-O O-O 14. Kb1 Qb6 15. Ne4 Nxe4 16. Qxe4 Nd7 17. g4 Qb5 18.
Ne5 Nxe5 19. Qxe5 Qxe5 20. dxe5 Rfd8 21. Kc2 Rxd1 22. Rxd1 Rd8 23. Rxd8+ Bxd8 24. Be3 a6 25. Kd3 b5 26. Bc5 f5 27. gxf5 exf5 28. e6 Bf6 29. Bd6 a5 30. b3 a4 31. bxa4 bxa4 32. c4 Bb2 33. Ke3 Bc1+ 34. Kd4 Bg5 35. Ke5 Bh4 36. Kxf5 Bxf2 37. Kg6 Bh4 38. e7 Bxe7 39. Bxe7 Kh8 40. Bf8 Kg8 41. Bxg7 a3 42. Bxh6 c5 43. Be3 Kh8 44.
Bxc5 Kg8 45. h6 Kh8 46. Bd4+ Kg8 1-0

[Event "*** Titled Tuesday 3|2 Blitz"]
[Site "Chess.com"]
[Date "2015.04.07"]
[Round "6"]
[White "iFrancisco"]
[Black "chessloveyou"]
[Result "0-1"]
[WhiteElo "2209"]
[BlackElo "2130"]
[TimeControl "180+2"]
[EndTime "12:19:42 PDT"]
[Termination "chessloveyou won by resignation"]

1. e4 c6 2. d4 d5 3. e5 Bf5 4. Nf3 e6 5. Be2 Nd7 6. O-O c5 7. Be3 Rc8 8. Nbd2 Ne7 9. c4 Bg4 10. Rc1 Nf5 11. cxd5 exd5 12. Qa4 cxd4 13. Bg5 Be7 14. Bxe7 Nxe7 15. Qxd4 Bxf3 16. Nxf3 O-O 17. Qxa7 b6 18. Qa3 Nc5 19. Rfd1 Ra8 20. Qb4 Rxa2 21. Bb5 Qa8 22. Qh4 Ng6 23. Qd4 Qa5 24. Bc6 Nb3 25.
Qxd5 Nxc1 26. Qc4 Ra1 27. e6 fxe6 28. Qxe6+ Kh8 29. h4 Nb3 30. Qxb3 Rxd1+ 31. Qxd1 Qc5 32.
Be4 Nf4 33. Qd2 Qe7 34. Qe3 Ne6 35. Ng5 Nxg5 36. hxg5 Re8 37. f3 Qc5 38. Kf2 Qxe3+ 39. Kxe3 Re5 40. f4 Rb5 41. f5 Rxb2 42. f6 gxf6 43.
gxf6 Kg8 44. Bd5+ Kf8 45. g4 Rb4 46. Be4 h6 47. Kf4 Kf7 48. Ke5 Rxe4+ 49. Kxe4 Kxf6 0-1

[Event "*** Titled Tuesday 3|2 Blitz"]
[Site "Chess.com"]
[Date "2015.04.07"]
[Round "6"]
[White "GasconJR"]
[Black "Mazetovic"]
[Result "1-0"]
[WhiteElo "2285"]
[BlackElo "2428"]
[TimeControl "180+2"]
[EndTime "12:19:47 PDT"]
[Termination "GasconJR won on time"]

1. e4 c5 2. Nf3 Nc6 3. d4 cxd4 4. Nxd4 g6 5. Nc3 Bg7 6. Nb3 Nf6 7. g4 d6 8. g5 Nd7 9. h4 Nde5 10. h5 Bg4 11.
Be2 Bxe2 12. Qxe2 gxh5 13. f4 Ng6 14. Qxh5 Nb4 15. Qe2 Qc7 16. Qb5+ Nc6 17. Be3 a6 18. Nd5 Qd7 19. Qe2 Bxb2 20. Rb1 Bg7 21. f5 Nge5 22. Nb6 Qd8 23. Nxa8 Qxa8 24. O-O b5 25. Nd2 h6 26. g6 Bf6 27. c4 fxg6 28. cxb5 axb5 29.
Qxb5 gxf5 30. Rxf5 Rg8+ 31. Kh1 Rg3 32. Bf4 Rh3+ 33. Kg2 Ra3 34. Bxe5 Bxe5 35. Rbf1 Kd7 36. Rxe5 dxe5 37. Qd5+ Kc7 38. Rc1 Rxa2 39. Qxe5+ Kd8 40. Qd5+ Kc7 41. Kh1 Ra6 42. Nb3 Qe8 43. Nd4 Qd7 44.
Qc5 Qd6 45. Nb5+ Kd7 46. Nxd6 e6 47. Qb5 1-0

[Event "*** Titled Tuesday 3|2 Blitz"]
[Site "Chess.com"]
[Date "2015.04.07"]
[Round "6"]
[White "jcibarra"]
[Black "Daniel_Fridman"]
[Result "0-1"]
[WhiteElo "2518"]
[BlackElo "2621"]
[TimeControl "180+2"]
[EndTime "12:19:48 PDT"]
[Termination "Daniel_Fridman won by resignation"]

1. e4 Nf6 2. e5 Nd5 3. d4 d6 4.
Bc4 dxe5 5. dxe5 c6 6. Qe2 Bf5 7. Nf3 e6 8. O-O Nd7 9. a3 a5 10. h3 Bc5 11. Ba2 h6 12. c4 Ne7 13. Nc3 Ba7 14. Ne4 Bxe4 15. Qxe4 Nc5 16. Qg4 Nf5 17. Bd2 Nd3 18. Bc3 Qb6 19. c5 Qxc5 20. Qc4 Qxc4 21.
Bxc4 Nf4 22. Kh2 b5 23. Ba2 Nd3 24. Rad1 Nxf2 25. Rc1 h5 26. g3 Nd3 27. Ra1 Ne3 28.
Rg1 Ng4+ 29. hxg4 hxg4+ 30. Nh4 g5 31. Rgd1 Nf2 32. Rd6 gxh4 33. Rxc6 hxg3+ 34. Kxg3 Rd8 35. Bxa5 Rd3+ 36. Kg2 O-O 37. Rc7 Bd4 38. Rf1 Ne4 39. Rf4 Rg3+ 40. Kh2 Bg1+ 41. Kh1 Nf2+ 42. Rxf2 Bxf2 43.
Rc2 Bd4 44. Bb4 Re8 45. Bd6 Kg7 46. Kh2 Rg1 47. Rg2 Rh8+ 48. Kg3 Rh3+ 49. Kxg4 Rxg2+ 50. Kxh3 Rxb2 0-1

[Event "*** Titled Tuesday 3|2 Blitz"]
[Site "Chess.com"]
[Date "2015.04.07"]
[Round "6"]
[White "jbj"]
[Black "AnthonyWirig"]
[Result "0-1"]
[WhiteElo "2279"]
[BlackElo "2472"]
[TimeControl "180+2"]
[EndTime "12:19:49 PDT"]
[Termination "AnthonyWirig won by resignation"]

1. e4 c5 2. d4 cxd4 3. c3 dxc3 4.
Nxc3 e6 5. Nf3 a6 6. Bc4 Qc7 7. Bb3 Nc6 8. O-O b5 9. Nd5 Qb8 10. Bf4 d6 11. Rc1 Bd7 12. e5 Nge7 13. Nxe7 Bxe7 14.
exd6 Na5 15. Bxe6 fxe6 16. Qd2 Bd8 17. Ne5 Nc4 18. Nxd7 Kxd7 19. Qe2 Rf8 20. Bg3 Qb7 21. Qg4 Rf7 22. Rfe1 Qd5 23. Rcd1 Qf5 24. Qe2 Bb6 25. b3 Na5 26. Rc1 Nc6 27. Rf1 Rc8 28. Qd2 h5 29. h4 g5 30. hxg5 h4 31. Bxh4 Qf4 32. Qxf4 Rxf4 33.
Bg3 Rg4 34. Rc3 Rxg5 35. Re1 Ba5 36. Rce3 Bxe1 37. Rxe1 Nd4 38. Kf1 Nf5 39. Bf4 Rg4 40.
g3 Rxf4 41. gxf4 Rc2 42. a4 b4 43. Re4 a5 44. Re5 Rb2 45. Rxa5 Rxb3 46. Rb5 Nxd6 47. Rb8 Kc7 48. Rh8 Ra3 49. Rh6 Kd7 50. Rh7+ Kc6 51.
Rh6 Kd5 52. Rh5+ Nf5 53. Ke2 Rxa4 54. Rh8 Ra2+ 55. Kd3 Ra3+ 56. Kc2 Nd4+ 57. Kb2 Rb3+ 58. Ka2 Rf3 59. Rh5+ Kc4 60. Rh2 Rxf4 61. Kb2 Rf3 0-1

[Event "*** Titled Tuesday 3|2 Blitz"]
[Site "Chess.com"]
[Date "2015.04.07"]
[Round "6"]
[White "kesarev"]
[Black "facu57"]
[Result "1-0"]
[WhiteElo "2221"]
[BlackElo "2127"]
[TimeControl "180+2"]
[EndTime "12:19:54 PDT"]
[Termination "kesarev won by resignation"]

1. Nf3 c6 2. c4 d5 3. b3 Nf6 4. g3 Bf5 5. Bg2 Nbd7 6. Bb2 e6 7. O-O Be7 8. d3 h6 9. Nbd2 O-O 10. Rc1 Bg6 11.
Rc2 Re8 12. Qa1 a5 13. a3 Bd6 14. Rcc1 e5 15. cxd5 cxd5 16. Rfe1 Qb6 17. Nh4 Bh7 18.
e4 Bc5 19. Rf1 dxe4 20. dxe4 Ng4 21. Nc4 Qa7 22. Rc2 b5 23. Nxa5 Bxf2+ 24. Rcxf2 Nxf2 25. Rxf2 Qxa5 26. Nf5 Bxf5 27. exf5 Rad8 28. Bc6 Re7 29. Qf1 Nf6 30. Qxb5 Qa7 31. Kg2 Rb8 32. Qc4 Rc8 33.
b4 Qb6 34. b5 Ne8 35. a4 Nd6 36. Qb4 Qc7 37. f6 Re6 38. fxg7 Ne8 39. a5 Nxg7 40. Bd5 Re7 41. b6 Qc5 42. Qxc5 Rxc5 43. b7 Rb5 44. a6 Ne6 45. Bxe6 fxe6 46. a7 Rexb7 47. a8=Q+ Rb8 48. Qa2 R5b6 49. Bxe5 Rc8 1-0

[Event "*** Titled Tuesday 3|2 Blitz"]
[Site "Chess.com"]
[Date "2015.04.07"]
[Round "6"]
[White "AlmirDzhumaev"]
[Black "guillead1"]
[Result "0-1"]
[WhiteElo "2107"]
[BlackElo "2378"]
[TimeControl "180+2"]
[EndTime "12:20:02 PDT"]
[Termination "guillead1 won by resignation"]

1. e4 g6 2. Nc3 Bg7 3. d4 c6 4.
e5 d5 5. f4 Nh6 6. Nf3 f6 7. Be3 O-O 8. g3 Qb6 9. Qc1 Bg4 10. Be2 Nf5 11. O-O Bxf3 12. Bxf3 fxe5 13. fxe5 e6 14. Qd2 Bxe5 15. Ne2 Bg7 16. Bg4 Nd7 17.
c3 Rae8 18. Bxf5 exf5 19. Bf4 Nf6 20. Nc1 Ne4 21. Qc2 g5 22. Bd2 Bxd4+ 23. Kg2 Bg7 24.
Nd3 h6 25. Rae1 Qd8 26. Be3 b6 27. Bd4 Qd7 28. Qa4 Re6 29. Rf3 Rf7 30. Qc2 Rf8 31. Ref1 Nd6 32. Kh1 c5 33. Bg1 Qb7 34. Qg2 Qe7 35.
R3f2 d4 36. Qd5 Kh8 37. Rc2 dxc3 38.
bxc3 Qb7 39. c4 Qxd5+ 40. cxd5 Re7 41. a4 Ref7 42. a5 f4 43. axb6 axb6 44. gxf4 gxf4 45. Re2 f3 46. Re6 Nc4 47. Be3 Nxe3 48. Rxe3 Bd4 49. Re6 Rf6 50. h4 Rxe6 51. dxe6 Rf6 52. e7 Re6 53. Rxf3 Rxe7 54. Rf8+ Kg7 55. Rb8 c4 56. Nb4 Bc5 57. Nd5 Rf7 58. Nxb6 Bxb6 59. Rxb6 Rc7 60. Rb2 c3 61. Rc2 Kf6 62. Kg2 Ke5 63.
Kf3 Kd4 64. Ke2 Rb7 65. Rc1 Rb2+ 66. Kf3 c2 67. Ke2 Kc3 68. Ra1 c1=Q+ 69. Kf3 Qxa1 0-1